 Dungeon Crawl Stone Soup version 0.23.2-30-g0e89c35649 (webtiles) character file.

Game seed: 12250084747166640174

251 Hybris the Skirmisher (level 6, -2/66 HPs)
             Began as an Ogre Berserker on June 15, 2019.
             Was a Believer of Trog.
             Hit by a tomahawk thrown by an orc (5 damage)
             ... on level 3 of the Dungeon.
             The game lasted 00:04:52 (2609 turns).

Hybris the Skirmisher (Ogre Berserker)              Turns: 2609, Time: 00:04:53

Health: -2/66      AC:  3    Str: 24    XL:     6   Next: 13%
Magic:  6/6        EV: 10    Int: 13    God:    Trog [**....]
Gold:   105        SH:  0    Dex:  8    Spells: 5/5 levels left

rFire    . . .     SeeInvis .   a - +0 hand axe
rCold    . . .     Gourm    .   (no shield)
rNeg     . . .     Faith    .   b - +0 animal skin
rPois    .         Spirit   .   (helmet restricted)
rElec    .         Reflect  .   (no cloak)
rCorr    .         Harm     .   (gloves unavailable)
MR       .....                  (boots unavailable)
Stlth    +.........             (no amulet)
HPRegen  0.21/turn              (no ring)
MPRegen  0.10/turn              (no ring)

@: brilliant, berserk cooldown
A: large, unfitting armour, tough skin 1
a: Berserk, Trog's Hand, Renounce Religion


You were on level 3 of the Dungeon.
You worshipped Trog.
Trog was pleased with you.
You were near starving.

You visited 1 branch of the dungeon, and saw 3 of its levels.

You collected 105 gold pieces.

Inventory:

Hand Weapons
 a - a +0 hand axe (weapon)
Armour
 b - a +0 animal skin (worn)
Wands
 j - a wand of paralysis (6)
 m - a wand of flame (7)
Scrolls
 e - a scroll of teleportation {unknown}
 g - 2 scrolls of remove curse {unknown}
 i - a scroll of noise {unknown}
 k - a scroll of identify {unknown}
Potions
 f - a potion of cancellation {unknown}
 h - a potion of haste {unknown}
 l - a potion of brilliance
 n - a potion of magic {unknown}
 o - a potion of agility {unknown}
Comestibles
 c - 5 rations


   Skills:
 + Level 5.5 Fighting
 * Level 5.1 Axes
 + Level 3.7 Dodging


You had 5 spell levels left.
You didn't know any spells.
Your spell library was empty.

Dungeon Overview and Level Annotations

Branches:
Dungeon (3/15)

Altars:
Dithmenos
Wu Jian


Innate Abilities, Weirdness & Mutations

You are too large for most types of armour.
You have tough skin. (AC +1)


Message History

You feel better.
The orc wizard hits you with a +0 dagger.
* * * LOW HITPOINT WARNING * * *
You barely miss the orc wizard.
The orc wizard is moderately wounded.
The orc wizard hits you but does no damage.
The orc wizard completely misses you.
You hit the orc wizard but do no damage.
The orc wizard is moderately wounded.
You feel yourself speed up.
The orc wizard hits you with a +0 dagger!
* * * LOW HITPOINT WARNING * * *
You feel better.
The orc wizard mumbles some strange words.
The orc wizard flickers and vanishes!
Deactivating autopickup; reactivate with Ctrl-A.
You barely miss something. Something hits you.
* * * LOW HITPOINT WARNING * * *
The orc throws a tomahawk.
The tomahawk hits you.
You die...

.. ...# #. #..#
.# #. #..# ...
.####..# ..
.......### #.##.#
#.... #...#
#..########.#
#.###..o{@..)...#
#.<.....######..#
###......... .#
.........### #
#######.....
#...## #.....
...###


You could see an orc.

Vanquished Creatures
  Sigmund (D:2)
  An orc priest (D:3)
  3 adders (D:2)
  A worm (D:2)
  2 dart slugs (D:1)
  A leopard gecko (D:1)
  2 orcs (D:3)
  A giant cockroach (D:2)
  5 goblins
  4 hobgoblins
  A jackal (D:1)
  2 ball pythons (D:2)
  5 bats
  5 frilled lizards
  3 kobolds
  9 rats
46 creatures vanquished.

Notes
Turn   | Place    | Note
-------+----------+-------------------------------------------
     0 | D:1      | Hybris the Ogre Berserker began the quest for the Orb.
     0 | D:1      | Reached XP level 1. HP: 24/24 MP: 1/1
   223 | D:1      | Reached XP level 2. HP: 30/32 MP: 2/2
   644 | D:1      | Reached XP level 3. HP: 35/40 MP: 3/3
  1415 | D:2      | Noticed Sigmund
  1430 | D:2      | Killed Sigmund
  1430 | D:2      | Reached skill level 5 in Fighting
  1430 | D:2      | Reached XP level 4. HP: 17/50 MP: 4/4
  1430 | D:2      | Reached XP level 5. HP: 19/57 MP: 5/5
  1656 | D:2      | Found an ornate altar of the Wu Jian Council.
  1660 | D:2      | Found a shadowy altar of Dithmenos.
  1696 | D:2      | Reached ** piety under Trog
  2351 | D:2      | Reached skill level 5 in Axes
  2578 | D:3      | Reached XP level 6. HP: 36/66 MP: 6/6
  2598 | D:3      | HP: 3/66 [orc wizard/magic dart (8)]
  2607 | D:3      | HP: 3/66 [orc wizard/+0 dagger (7)]
  2609 | D:3      | Hit by a tomahawk thrown by an orc

Skill      XL: |  1  2  3  4  5 |
---------------+----------------+-----
Dodging        | 3 |  3.7
Fighting       | 5 |  5.5
Axes           | 4 5 |  5.1

Action                   |  1- 3 |  4- 6 || total
-------------------------+-------+-------++-------
Melee: Hand axe          |   117 |    78 ||   195
Invok: Berserk           |     2 |     1 ||     3
       Trog's Hand       |       |     1 ||     1
  Use: Potion            |       |     6 ||     6
 Stab: Sleeping          |     2 |       ||     2
  Eat: Chunk             |     1 |     3 ||     4
       Ration            |     1 |       ||     1
Armor: Animal skin       |    32 |    16 ||    48
Dodge: Dodged            |    57 |    48 ||   105
